 Dungeon Crawl Stone Soup version 0.30-a0-1160-g6e42c06551 (webtiles) character file.

Game seed: 17295055473666781003

79 jasper the Magician (level 4, -4/30 HPs)
             Began as a Mummy Earth Elementalist on Apr 25, 2023.
             Slain by a gnoll
             ... wielding a +0 halberd
              (14 damage)
             ... on level 3 of the Dungeon.
             The game lasted 00:02:13 (1888 turns).

jasper the Magician (Mummy Earth Elementalist)      Turns: 1888, Time: 00:02:13

Health: -4/30      AC:  2    Str: 11    XL:     4   Next: 16%
Magic:  2/10       EV: 12    Int: 16    God:
Gold:   91         SH:  0    Dex: 12    Spells: 5/11 levels left

rFire   x . .        d - +1 short sword
rCold   + . .        (no shield)
rNeg    + + +        a - +0 robe
rPois   ∞            (no helmet)
rElec   .            (no cloak)
rCorr   .            (no gloves)
SInv    .            (no boots)
Will    .....        f - amulet of regeneration
Stlth   ++           (no ring)
HPRegen 1.05/turn    (no ring)
MPRegen 0.12/turn

%: faith
@: no status effects
A: cold resistance 1, negative energy resistance 3, torment resistance 2, heat
vulnerability 1, in touch with death 1, no potions, faith
a: no special abilities


You were on level 3 of the Dungeon.
You visited 1 branch of the dungeon, and saw 3 of its levels.

You collected 91 gold pieces.

Inventory:

Hand Weapons
 d - a +1 short sword (weapon)
Missiles
 c - 2 poisoned darts
Armour
 a - a +0 robe (worn)
Jewellery
 f - an amulet of regeneration (around neck)
Scrolls
 b - a scroll of vulnerability
 e - a scroll of noise {unknown}
 g - a scroll of amnesia {unknown}
 h - a scroll of fear {unknown}


   Skills:
 - Level 1.5 Dodging
 - Level 1.5 Stealth
 + Level 4.1 Spellcasting
 - Level 0.8 Transmutations
 * Level 3.4 Earth Magic


You had 5 spell levels left.
You knew the following spells:

 Your Spells              Type           Power      Damage    Failure   Level
a - Sandblast             Erth           28%        2d8       4%          1
b - Passwall              Tmut/Erth      8%         N/A       11%         2
c - Stone Arrow           Conj/Erth      16%        3d8       24%         3

Your spell library contained the following spells:

 Spells                   Type           Power      Damage    Failure   Level
 Petrify                  Tmut/Erth      10%        N/A       56%         4


Dungeon Overview and Level Annotations

Branches:
Dungeon (3/15)

Altars:

Annotations:
D:3 1 transporter


Innate Abilities, Weirdness & Mutations

You are immune to poison.
Your flesh is cold resistant. (rC+)
You are immune to negative energy. (rN+++)
You are immune to unholy pain and torment.
You are vulnerable to heat. (rF-)
You are in touch with the powers of death.
You do not drink.
You have a special connection with the divine. (Faith)


Message History

The blast of sand hits the gnoll!
The gnoll is almost dead.
The gnoll hits you from afar with a +0 spear!
You take 5 damage, and have 14/24 hp.
MASSIVE DAMAGE!!
You now have 5/8 mp.
Aiming: Sandblast (safe; 4% risk of failure)
Press: ? - help, Q - select action, (/) - cycle Shift-Dir - straight line, f/p - gnoll
Aim: a gnoll, wielding a +0 spear (almost dead, 84% to hit)
The blast of sand hits the gnoll.
You kill the gnoll!
You have reached level 4!
You regained 5 hp, and now have 19/30 hp.
Aiming: Sandblast (safe; 4% risk of failure)
Press: ? - help, Q - select action, (/) - cycle Shift-Dir - straight line, f - gnoll
Aim: a gnoll, wielding a +0 club (84% to hit)
The blast of sand misses the gnoll.
The blast of sand hits the gnoll.
The gnoll is moderately wounded.
The gnoll hits you with a +0 club.
You take 4 damage, and have 15/30 hp.
You now have 4/10 mp.
Aiming: Sandblast (safe; 4% risk of failure)
Press: ? - help, Q - select action, (/) - cycle Shift-Dir - straight line, f/p - gnoll
Aim: a gnoll, wielding a +0 club (84% to hit)
The blast of sand hits the gnoll!
The gnoll is heavily wounded.
The gnoll closely misses you. x3; The gnoll misses you.
You now have 3/10 mp.
Aiming: Sandblast (safe; 4% risk of failure)
Press: ? - help, Q - select action, (/) - cycle Shift-Dir - straight line, f/p - gnoll
Aim: a gnoll, wielding a +0 club (heavily wounded, 84% to hit)
The blast of sand hits the gnoll!
You kill the gnoll!
The gnoll completely misses you.
You regained 2 hp, and now have 18/30 hp.
You now have 2/10 mp.
Aiming: Sandblast (safe; 4% risk of failure)
Press: ? - help, Q - select action, (/) - cycle Shift-Dir - straight line, f - gnoll
Aim: a gnoll, wielding a +0 halberd (moderately wounded, 84% to hit)
The blast of sand hits the gnoll.
The gnoll is severely wounded.
The gnoll hits you from afar with a +0 halberd! x2
You die...

#.##...## # #. #.#....#
. #.#....#
####.##....####
#..###.........
...........###.
.......g...# ##
......###.#########.!.##
.####........gg)@.......
.# ####################
##


You could see 2 gnolls.

Vanquished Creatures
  An adder (D:2)
  2 gnolls (D:3)
  A worm (D:2)
  5 ball pythons
  An endoplasm (D:1)
  3 giant cockroaches (D:1)
  3 goblins
  4 hobgoblins
  2 jackals (D:1)
  7 kobolds
  6 quokkas
  3 bats (D:1)
  3 frilled lizards (D:1)
  4 rats
45 creatures vanquished.

Vanquished Creatures (others)
  2 plants (D:3)
2 creatures vanquished.

Grand Total: 47 creatures vanquished

Notes
Turn   | Place    | Note
-------+----------+-------------------------------------------
     0 | D:1      | jasper the Mummy Earth Elementalist began the quest for the
                  | Orb.
     0 | D:1      | Reached XP level 1. HP: 13/13 MP: 4/4
   198 | D:1      | Reached skill level 3 in Spellcasting
   281 | D:1      | Reached XP level 2. HP: 19/19 MP: 3/6
   663 | D:1      | Found a faded altar of an unknown god.
   993 | D:2      | Gained mutation: You are in touch with the powers of death.
                  | [Mummy growth]
   993 | D:2      | Reached XP level 3. HP: 19/24 MP: 4/8
   996 | D:2      | Learned a level 2 spell: Passwall
  1000 | D:2      | Learned a level 3 spell: Stone Arrow
  1805 | D:3      | Reached skill level 4 in Spellcasting
  1844 | D:3      | Found a transporter.
  1853 | D:3      | Noticed a small abomination
  1885 | D:3      | Reached XP level 4. HP: 19/30 MP: 5/10
  1888 | D:3      | Slain by a gnoll

Illustrated notes

Levels and vault maps discovered:
D:1:      dpeg_arrival_short_road, layout_basic, serial_forest,
          infiniplex_forest_lined_ring, infiniplex_forest_lined_3,
          infiniplex_forest_clump_diagonal, infiniplex_forest_split,
          infiniplex_forest_pool, infiniplex_forest_fountain,
          hellmonk_ecumenical_altar_arch_garden, palyth_stone_intersect
D:2:      layout_loops_ring, kennysheep_generic_room_7
D:3:      lemuel_castle_with_subvaults [lemuel_castle_interior_carwin_1],
          layout_rooms, gammafunk_ghost_abyssal_escape, serial_bayou_pond_a

Skill      XL: |  1  2  3 |
---------------+----------+-----
Spellcasting   | 3 4 |  4.1
Earth Magic    | 3 |  3.4
Dodging        | |  1.5
Stealth        | |  1.5
Transmutations | |  0.8

Action                     |  1- 3 |  4- 6 || total
---------------------------+-------+-------++-------
  Melee: Short sword       |     9 |       ||     9
   Cast: Sandblast         |    62 |     4 ||    66
    Use: Scroll            |     5 |       ||     5
 Armour: Robe              |     7 |       ||     7
  Dodge: Dodged            |    15 |     5 ||    20

Table legend: (Time is in decaauts)
 A = Elapsed time spent in this place.
 B = Non-inter-level travel time spent in this place.
 C = Inter-level travel time spent in this place.
 D = Time resting spent in this place.
 E = Time spent auto-exploring this place.
 F = Levels seen in this place.
 G = Mean time per level.
                   A        B        C        D        E       F      G
               +--------+--------+--------+--------+--------+-----+--------+
         Total |   1921 |   1841 |     80 |      0 |   1563 |   3 |  640.3 |
       Dungeon |   1921 |   1841 |     80 |      0 |   1563 |   3 |  640.3 |
               +--------+--------+--------+--------+--------+-----+--------+

Top non-repeatable levels by time:
     D:1: 1005 daAuts
     D:2: 822 daAuts
     D:3: 93 daAuts
